[Event "Chestnut 2nd Category Final 2025"]
[Site "Kyiv"]
[Date "2025.04.06"]
[Round "1.1"]
[White "Udod, Oleksandra"]
[Black "Kravchuk, Sviatoslav"]
[Result "1/2-1/2"]
[Annotator "NA"]
[ECO "A36"]
[WhiteElo "1646"]
[BlackElo "1441"]
[PlyCount "84"]
[EventDate "2025.04.03"]
[EventCountry "UKR"]
[SourceTitle "playchess.com"]
[Source "ChessBase"]
[SourceQuality "1"]
[TimeControl "600+5"]

1. c4 c5 2. Nc3 Nc6 3. g3 d6 4. Bg2 g6 5. e3 Nf6 6. Nge2 Bg7 7. d4 Bf5 8. O-O O-O 9. b3 Nb4 10. Ba3 Nc2 11. e4 Nxe4 12. Nxe4 Bxe4 13. Bxe4 Nxa3 14. Bxb7 Rb8 15. Bg2 cxd4 16. Nxd4 Bxd4 17. Qxd4 Nc2 18. Qxa7 Nxa1 19. Rxa1 e5 20. a4 Qf6 21. Rb1 Qf5 22. Rb2 Qg5 23. Rb1 Qd2 24. Qe3 Qxe3 25. fxe3 Rfe8 26. Bd5 Re7 27. b4 Ra7 28. a5 Rxa5 29. b5 Rb6 30. Rf1 Ra7 31. e4 Kg7 32. Bc6 Rb8 33. Rd1 Rd8 34. c5 Ra5 35. Rxd6 Rxd6 36. cxd6 Kf6 37. d7 Ke7 38. b6 Ra1+ 39. Kg2 Rb1 40. b7 Kd8 41. Kh3 Kc7 42. Bd5 f6 1/2-1/2

[Event "Chestnut 2nd Category Final 2025"]
[Site "Kyiv"]
[Date "2025.04.06"]
[Round "1.2"]
[White "Chornyi, Viktor"]
[Black "Diachuk, Ihor"]
[Result "1-0"]
[Annotator "NA"]
[ECO "C70"]
[WhiteElo "1515"]
[BlackElo "1550"]
[PlyCount "139"]
[EventDate "2025.04.03"]
[EventCountry "UKR"]
[SourceTitle "playchess.com"]
[Source "ChessBase"]
[SourceQuality "1"]
[TimeControl "600+5"]

1. e4 e5 2. Nf3 Nc6 3. Bb5 a6 4. Ba4 b5 5. Bb3 Be7 6. O-O Nf6 7. Nc3 O-O 8. Re1 d6 9. h3 Rb8 10. a3 Bb7 11. d3 Nd7 12. Be3 h6 13. Qd2 Bf6 14. Nd5 Kh7 15. Nh2 Ne7 16. Nxe7 Bxe7 17. Ng4 Nf6 18. Nxf6+ Bxf6 19. Qe2 Bg5 20. Ba7 Ra8 21. Be3 Bxe3 22. Qxe3 Qf6 23. Qg3 Qg6 24. Re3 Qxg3 25. Rxg3 f5 26. Re3 f4 27. Re2 Rf6 28. f3 a5 29. Ba2 Rd8 30. b4 a4 31. c4 c6 32. Rc1 Rc8 33. cxb5 cxb5 34. Rxc8 Bxc8 35. Rc2 Rf8 36. Rc6 Rd8 37. Kf2 Kg6 38. Rb6 Kf6 39. Rxb5 Ba6 40. Rd5 Ke7 41. Ke2 Rc8 42. Kd2 Bb7 43. Rb5 Bc6 44. Rb6 Kd7 45. Ra6 Rc7 46. Bc4 Rb7 47. Ra5 Kc7 48. b5 Bd7 49. Rxa4 Bxb5 50. Bxb5 Rxb5 51. Ra7+ Rb7 52. Rxb7+ Kxb7 53. Kc2 Kb6 54. Kb3 Kb5 55. a4+ Ka5 56. Kc4 Kxa4 57. Kd5 Kb4 58. Kxd6 Kc3 59. Kxe5 Kxd3 60. Kxf4 Kd4 61. Kf5 Ke3 62. e5 Kf2 63. e6 Kxg2 64. e7 Kxf3 65. e8=Q g5 66. Qa4 Kg3 67. Qg4+ Kh2 68. Ke4 Kh1 69. Kf3 h5 70. Qg2# 1-0

[Event "Chestnut 2nd Category Final 2025"]
[Site "Kyiv"]
[Date "2025.04.06"]
[Round "1.5"]
[White "Atamanchuk, Dmytro"]
[Black "Ruzhanskyi, Kiril"]
[Result "1-0"]
[Annotator "NA"]
[ECO "A40"]
[WhiteElo "1493"]
[BlackElo "1534"]
[PlyCount "59"]
[EventDate "2025.04.03"]
[EventCountry "UKR"]
[SourceTitle "playchess.com"]
[Source "ChessBase"]
[SourceQuality "1"]
[TimeControl "600+5"]

1. d4 g6 2. c4 c6 3. Nc3 d5 4. cxd5 cxd5 5. Bf4 Bg7 6. e3 a6 7. Nf3 Bg4 8. Be2 Nf6 9. h3 Bxf3 10. Bxf3 e6 11. O-O O-O 12. Qb3 Qd7 13. Na4 b5 14. Nb6 Qb7 15. Nxa8 Qxa8 16. Rac1 Nc6 17. Qd3 Rd8 18. Rc3 Nb4 19. Qb1 a5 20. Rfc1 Ne8 21. a3 Na6 22. Rc6 Qb7 23. Qc2 b4 24. Rc8 Bf6 25. Rxd8 Bxd8 26. Qc8 Qe7 27. Qxa6 bxa3 28. bxa3 Ng7 29. Rc8 Qf8 30. Bc7 1-0

[Event "Chestnut 2nd Category Final 2025"]
[Site "Kyiv"]
[Date "2025.04.06"]
[Round "2.1"]
[White "Kravchuk, Sviatoslav"]
[Black "Voloshyn, Maksym"]
[Result "0-1"]
[Annotator "NA"]
[ECO "C01"]
[WhiteElo "1441"]
[BlackElo "1621"]
[PlyCount "74"]
[EventDate "2025.04.03"]
[EventCountry "UKR"]
[SourceTitle "playchess.com"]
[Source "ChessBase"]
[SourceQuality "1"]
[TimeControl "600+5"]

1. e4 e6 2. d4 d5 3. exd5 exd5 4. Nf3 Nf6 5. c4 Bb4+ 6. Nc3 O-O 7. a3 Bxc3+ 8. bxc3 Re8+ 9. Be2 Bg4 10. O-O h6 11. Be3 dxc4 12. Bxc4 Nd5 13. Re1 Nxe3 14. Rxe3 Rxe3 15. fxe3 Qe7 16. Qe2 c6 17. Qf2 Nd7 18. Re1 Nb6 19. Bd3 Qxa3 20. Ne5 Be6 21. Qd2 Nd7 22. Nf3 Nf6 23. Ne5 Qd6 24. Bc2 c5 25. Qd3 cxd4 26. exd4 Bd5 27. Re3 Rd8 28. Re1 a6 29. Rf1 b5 30. Re1 Qc7 31. Ng4 Ne4 32. Rxe4 Bxe4 33. Qxe4 Qxc3 34. Ne5 Qxd4+ 35. Qxd4 Rxd4 36. Nc6 Rc4 37. Ne7+ Kf8 0-1

[Event "Chestnut 2nd Category Final 2025"]
[Site "Kyiv"]
[Date "2025.04.06"]
[Round "2.2"]
[White "Ruzhanskyi, Kiril"]
[Black "Kulak, Volodymyr"]
[Result "0-1"]
[Annotator "NA"]
[ECO "D00"]
[WhiteElo "1534"]
[BlackElo "1607"]
[PlyCount "202"]
[EventDate "2025.04.03"]
[EventCountry "UKR"]
[SourceTitle "playchess.com"]
[Source "ChessBase"]
[SourceQuality "1"]
[TimeControl "600+5"]

1. d4 d5 2. g3 Nf6 3. Bg2 Bf5 4. Bg5 Nbd7 5. Nc3 c6 6. e3 h6 7. Bxf6 Nxf6 8. Nf3 e6 9. O-O Bd6 10. Re1 O-O 11. Nd2 Bc7 12. Nb3 b6 13. Nb1 Be4 14. f3 Bg6 15. N1d2 Qd7 16. c3 Rac8 17. e4 Rfe8 18. e5 Nh7 19. f4 Bd8 20. c4 Be7 21. Rc1 Rc7 22. cxd5 cxd5 23. Rxc7 Qxc7 24. Qe2 Qb7 25. Rc1 Rc8 26. Rxc8+ Qxc8 27. Qb5 Nf8 28. Nf1 Qc2 29. Qe8 Bb4 30. Qa4 a5 31. Qb5 Qxb2 32. Qxb6 Qxa2 33. Nc5 Qb2 34. Na4 Qb3 35. Nc5 Qd1 36. Nb7 Qa1 37. Kf2 Bc3 38. Ne3 Bxd4 39. Qxa5 Bxe3+ 40. Kxe3 Qxa5 41. Nxa5 Nd7 42. Kd4 Kf8 43. Nb7 Ke7 44. Nd6 f6 45. h3 fxe5+ 46. fxe5 Nb6 47. Kc5 Na4+ 48. Kd4 Nb2 49. h4 Nd3 50. Bh3 Nf2 51. Nc8+ Kd7 52. Nb6+ Kc6 53. Bxe6 Kxb6 54. Kxd5 Kc7 55. g4 Be4+ 56. Kd4 Bc6 57. g5 hxg5 58. hxg5 Kd8 59. Kc5 Bd7 60. Bd5 Ke7 61. Kd4 Nh3 62. g6 Bf5 63. Bf7 Nf4 64. Ke3 Nxg6 65. Kf3 Nf8 66. Kf4 Be6 67. Bh5 Bf7 68. Bg4 Ne6+ 69. Ke3 g5 70. Ke4 Bg6+ 71. Ke3 Ng7 72. Be2 Ke6 73. Bf1 Kxe5 74. Bg2 Kf5 75. Kf3 Ne6 76. Bh3+ Kf6 77. Kf2 Bf5 78. Bg2 Nf4 79. Bb7 Ke5 80. Kg3 Kf6 81. Kf3 Ng6 82. Kg3 Be6 83. Be4 Bf5 84. Bf3 Ke5 85. Be2 Nf4 86. Bf3 Nd5 87. Bxd5 Kxd5 88. Kf2 g4 89. Kg3 Ke4 90. Kg2 Kf4 91. Kf2 Be4 92. Kg1 Kf3 93. Kf1 g3 94. Kg1 g2 95. Kh2 Kf2 96. Kh3 g1=Q 97. Kh4 Kf3 98. Kh5 Kf4 99. Kh6 Kf5 100. Kh7 Kf6+ 101. Kh6 Qh2# 0-1

[Event "Chestnut 2nd Category Final 2025"]
[Site "Kyiv"]
[Date "2025.04.06"]
[Round "2.5"]
[White "Diachuk, Ihor"]
[Black "Prykhodko, Artem"]
[Result "0-1"]
[Annotator "NA"]
[ECO "C57"]
[WhiteElo "1550"]
[BlackElo "1678"]
[PlyCount "26"]
[EventDate "2025.04.03"]
[EventCountry "UKR"]
[SourceTitle "playchess.com"]
[Source "ChessBase"]
[SourceQuality "1"]
[TimeControl "600+5"]

1. e4 e5 2. Nf3 Nc6 3. Bc4 Nf6 4. Ng5 d5 5. exd5 Nd4 6. d6 Qxd6 7. Nxf7 Qc6 8. Nxh8 Qxg2 9. Bf1 Qe4+ 10. Be2 Qxh1+ 11. Bf1 Qe4+ 12. Be2 Nxc2+ 13. Kf1 Qh1# 0-1

[Event "Chestnut 2nd Category Final 2025"]
[Site "Kyiv"]
[Date "2025.04.06"]
[Round "3.1"]
[White "Chornyi, Viktor"]
[Black "Kravchuk, Sviatoslav"]
[Result "1-0"]
[Annotator "NA"]
[ECO "B10"]
[WhiteElo "1515"]
[BlackElo "1441"]
[PlyCount "65"]
[EventDate "2025.04.03"]
[EventCountry "UKR"]
[SourceTitle "playchess.com"]
[Source "ChessBase"]
[SourceQuality "1"]
[TimeControl "600+5"]

1. e4 c6 2. Nf3 d5 3. exd5 cxd5 4. d4 Nc6 5. Bb5 a6 6. Bxc6+ bxc6 7. h3 e6 8. O-O Bd6 9. Re1 Nf6 10. Nc3 h6 11. Be3 O-O 12. Qd2 a5 13. a3 Ba6 14. Bf4 Rb8 15. b3 Qc7 16. Bxd6 Qxd6 17. Na4 Nd7 18. Qe3 Rfe8 19. Ne5 Nxe5 20. Qxe5 Qxe5 21. Rxe5 f6 22. Re3 Bc8 23. Rae1 Rb7 24. Nc5 Rbe7 25. f4 f5 26. a4 Kh8 27. Nd3 Rd8 28. Ne5 Rd6 29. Ng6+ Kh7 30. Nxe7 Ba6 31. Rxe6 Rxe6 32. Rxe6 Bb7 33. Nxc6 1-0

[Event "Chestnut 2nd Category Final 2025"]
[Site "Kyiv"]
[Date "2025.04.06"]
[Round "3.2"]
[White "Prykhodko, Artem"]
[Black "Udod, Oleksandra"]
[Result "1-0"]
[Annotator "NA"]
[ECO "B35"]
[WhiteElo "1678"]
[BlackElo "1646"]
[PlyCount "51"]
[EventDate "2025.04.03"]
[EventCountry "UKR"]
[SourceTitle "playchess.com"]
[Source "ChessBase"]
[SourceQuality "1"]
[TimeControl "600+5"]

1. e4 c5 2. Nc3 Nc6 3. Nf3 g6 4. d4 cxd4 5. Nxd4 Bg7 6. Be3 Nf6 7. Bc4 O-O 8. O-O d6 9. f4 Qb6 10. Bb3 Nxe4 11. Nxe4 Bxd4 12. Bf2 Bf5 13. Nc3 Rac8 14. Bxd4 Qxd4+ 15. Qxd4 Nxd4 16. Nd5 Rfe8 17. c3 Nxb3 18. axb3 e6 19. Nf6+ Kf8 20. Nxe8 Kxe8 21. Rxa7 Bd3 22. Rd1 Ba6 23. Rxd6 Ke7 24. Rdxa6 Kf6 25. Rxb7 Rd8 26. Raa7 1-0

[Event "Chestnut 2nd Category Final 2025"]
[Site "Kyiv"]
[Date "2025.04.06"]
[Round "3.3"]
[White "Lymar, Makar"]
[Black "Diachuk, Ihor"]
[Result "0-1"]
[Annotator "NA"]
[ECO "D31"]
[WhiteElo "1565"]
[BlackElo "1550"]
[PlyCount "128"]
[EventDate "2025.04.03"]
[EventCountry "UKR"]
[SourceTitle "playchess.com"]
[Source "ChessBase"]
[SourceQuality "1"]
[TimeControl "600+5"]

1. d4 d5 2. c4 e6 3. Nc3 Bb4 4. a3 Bxc3+ 5. bxc3 Nf6 6. Nf3 h6 7. Bf4 Nc6 8. e3 Bd7 9. Bd3 O-O 10. O-O Nh5 11. Bb1 Nxf4 12. exf4 Qf6 13. Qd3 g6 14. Ne5 Nxe5 15. fxe5 Qe7 16. c5 Qe8 17. Re1 Kg7 18. h4 h5 19. Re3 Qe7 20. Rh3 a6 21. Qf3 Bb5 22. Qf4 Bc4 23. Rg3 c6 24. Rg5 Rh8 25. Qd2 Rab8 26. f4 Kf8 27. Qf2 Ke8 28. Bc2 Kd7 29. a4 Rhf8 30. a5 Qd8 31. Qe1 Kc8 32. Qb1 Qc7 33. Qb4 Bb5 34. Ba4 Bxa4 35. Qxa4 Kd7 36. c4 Kc8 37. cxd5 exd5 38. Re1 Re8 39. f5 Qe7 40. g3 Rg8 41. e6 fxe6 42. Rxe6 Qf7 43. Qc2 gxf5 44. Rxg8+ Qxg8 45. Kg2 Qxe6 46. Qd1 Qg6 47. Qf3 Kd7 48. Qf4 Re8 49. Kf3 Qg4+ 50. Qxg4 fxg4+ 51. Kf4 Re4+ 52. Kg5 Rxd4 53. Kxh5 Re4 54. Kg6 Ke7 55. h5 Re6+ 56. Kf5 Rh6 57. Kxg4 Kf6 58. Kh4 d4 59. g4 Kg7 60. Kg3 Kf6 61. Kf4 Kg7 62. Ke4 Kf6 63. Kf4 d3 64. g5+ Kf7 0-1

[Event "Chestnut 2nd Category Final 2025"]
[Site "Kyiv"]
[Date "2025.04.06"]
[Round "3.4"]
[White "Atamanchuk, Dmytro"]
[Black "Fabrykator, Myroslava"]
[Result "1/2-1/2"]
[Annotator "NA"]
[ECO "D38"]
[WhiteElo "1493"]
[BlackElo "1457"]
[PlyCount "76"]
[EventDate "2025.04.03"]
[EventCountry "UKR"]
[SourceTitle "playchess.com"]
[Source "ChessBase"]
[SourceQuality "1"]
[TimeControl "600+5"]

1. d4 Nf6 2. c4 e6 3. Nf3 d5 4. Nc3 Bb4 5. Bg5 h6 6. Bh4 O-O 7. e3 b6 8. cxd5 exd5 9. Bd3 Bb7 10. Qb3 Bxc3+ 11. Qxc3 Nbd7 12. b4 Rc8 13. Rc1 c5 14. bxc5 bxc5 15. dxc5 Rxc5 16. Qb2 Rxc1+ 17. Qxc1 Qa5+ 18. Qd2 Qxd2+ 19. Kxd2 Rc8 20. Rc1 Rxc1 21. Kxc1 Nc5 22. Bb1 g5 23. Bg3 Nfe4 24. Ne1 Nxg3 25. hxg3 Kg7 26. f3 Ne6 27. Nc2 f5 28. Kd2 f4 29. gxf4 gxf4 30. Ke2 Kf6 31. Kf2 Ke5 32. Nb4 fxe3+ 33. Kxe3 d4+ 34. Kf2 Nc5 35. Nd3+ Nxd3+ 36. Bxd3 Bd5 37. a3 a5 38. g3 Bc6 1/2-1/2

[Event "Chestnut 2nd Category Final 2025"]
[Site "Kyiv"]
[Date "2025.04.06"]
[Round "3.5"]
[White "Voloshyn, Maksym"]
[Black "Ruzhanskyi, Kiril"]
[Result "1-0"]
[Annotator "NA"]
[ECO "A01"]
[WhiteElo "1621"]
[BlackElo "1534"]
[PlyCount "143"]
[EventDate "2025.04.03"]
[EventCountry "UKR"]
[SourceTitle "playchess.com"]
[Source "ChessBase"]
[SourceQuality "1"]
[TimeControl "600+5"]

1. b3 Nf6 2. Bb2 g6 3. g3 Bg7 4. Bg2 d5 5. d3 c6 6. Nf3 Bg4 7. Nbd2 Nbd7 8. c4 e6 9. h3 Bxf3 10. Nxf3 Qa5+ 11. Qd2 Qxd2+ 12. Nxd2 O-O 13. O-O Rac8 14. Rac1 Rfd8 15. Nf3 dxc4 16. dxc4 Nc5 17. Rfd1 Nce4 18. Nh4 b6 19. Bxe4 Nxe4 20. Bxg7 Kxg7 21. Nf3 Rxd1+ 22. Rxd1 Nc3 23. Rd2 Ne4 24. Rd7 Nc3 25. Ne5 Rf8 26. Nxc6 Nxa2 27. Nd4 Kf6 28. Rxa7 Nb4 29. Rb7 e5 30. Rxb6+ Kg7 31. Nf5+ gxf5 32. Rxb4 Rd8 33. c5 Rc8 34. Rc4 Kf6 35. b4 Ke6 36. Kg2 Kd5 37. Rc1 Rb8 38. c6 Rc8 39. b5 Kd6 40. Kf3 f6 41. g4 e4+ 42. Kf4 fxg4 43. hxg4 Kd5 44. c7 Kd6 45. b6 Kd7 46. b7 Rxc7 47. b8=Q Rxc1 48. Qb5+ Ke7 49. Qb4+ Kf7 50. Qxe4 Rf1 51. Qxh7+ Ke6 52. f3 Ra1 53. Qe4+ Kf7 54. g5 fxg5+ 55. Kxg5 Ra5+ 56. Qf5+ Rxf5+ 57. Kxf5 Ke7 58. e4 Kf7 59. f4 Ke7 60. Kg6 Kf8 61. Kf6 Ke8 62. Kg7 Ke7 63. f5 Kd6 64. f6 Kd7 65. f7 Ke6 66. f8=Q Ke5 67. Qf5+ Kd6 68. Qd5+ Ke7 69. Kg6 Ke8 70. Qb7 Kd8 71. Kf6 Ke8 72. Qc8# 1-0

[Event "Chestnut 2nd Category Final 2025"]
[Site "Kyiv"]
[Date "2025.04.06"]
[Round "4.1"]
[White "Kravchuk, Sviatoslav"]
[Black "Ruzhanskyi, Kiril"]
[Result "0-1"]
[Annotator "NA"]
[ECO "B06"]
[WhiteElo "1441"]
[BlackElo "1534"]
[PlyCount "76"]
[EventDate "2025.04.03"]
[EventCountry "UKR"]
[SourceTitle "playchess.com"]
[Source "ChessBase"]
[SourceQuality "1"]
[TimeControl "600+5"]

1. e4 g6 2. d4 c6 3. Nc3 d5 4. exd5 cxd5 5. Nf3 Bg4 6. h3 Bxf3 7. Qxf3 e6 8. Bf4 Nc6 9. Bb5 Bg7 10. Rd1 Nge7 11. Be3 O-O 12. O-O a6 13. Bxc6 Nxc6 14. a3 Qb6 15. Na4 Qb5 16. b3 Rac8 17. Rfe1 Na5 18. Qe2 Qc6 19. Rd2 Rfe8 20. Qd3 Bf8 21. Ra1 b5 22. Nc5 Nb7 23. Nxb7 Qxb7 24. Qe2 Rc3 25. Rd3 Rec8 26. Rxc3 Rxc3 27. Qd2 Qc6 28. Ra2 a5 29. f3 a4 30. bxa4 bxa4 31. Qc1 Qc4 32. Qd2 Rxe3 33. Rb2 Rxa3 34. Rb8 Ra1+ 35. Kf2 a3 36. Qh6 Qxd4+ 37. Ke2 Qd1+ 38. Kf2 Qe1# 0-1

[Event "Chestnut 2nd Category Final 2025"]
[Site "Kyiv"]
[Date "2025.04.06"]
[Round "4.2"]
[White "Chornyi, Viktor"]
[Black "Prykhodko, Artem"]
[Result "0-1"]
[Annotator "NA"]
[ECO "C78"]
[WhiteElo "1515"]
[BlackElo "1678"]
[PlyCount "113"]
[EventDate "2025.04.03"]
[EventCountry "UKR"]
[SourceTitle "playchess.com"]
[Source "ChessBase"]
[SourceQuality "1"]
[TimeControl "600+5"]

1. e4 e5 2. Nf3 Nc6 3. Bb5 a6 4. Ba4 b5 5. Bb3 Nf6 6. O-O Bb7 7. Nc3 d6 8. d3 Be7 9. Bg5 O-O 10. a3 Nb8 11. Qd2 Nbd7 12. h3 Nc5 13. Ba2 h6 14. Be3 Ne6 15. Rad1 Qd7 16. Rfe1 c5 17. b3 Nd4 18. Nh2 a5 19. Ne2 b4 20. a4 Rac8 21. Rc1 Bxe4 22. dxe4 Nxe4 23. Qd3 Nxe2+ 24. Rxe2 Nc3 25. Bb1 Nxe2+ 26. Qxe2 Qe6 27. Qd3 f5 28. Rd1 Kh8 29. Qd5 Qf6 30. Qd3 e4 31. Qd2 f4 32. Ng4 Qg5 33. g3 fxe3 34. Qxe3 Qxe3 35. Nxe3 Bg5 36. Nc4 Ra8 37. Rxd6 Rfd8 38. Kg2 Rxd6 39. Nxd6 Kg8 40. Nxe4 Re8 41. f3 Rd8 42. c4 bxc3 43. Nxc3 Rd2+ 44. Kf1 Rb2 45. Bd3 Kf8 46. Bc4 Be3 47. Nd1 Rb1 48. Ke2 Bg5 49. h4 Bf6 50. h5 Ke7 51. g4 Bg5 52. Bd5 Rc1 53. Be4 c4 54. Bd5 Rc2+ 55. Ke1 Bd2+ 56. Kf1 c3 57. Be4 0-1

[Event "Chestnut 2nd Category Final 2025"]
[Site "Kyiv"]
[Date "2025.04.06"]
[Round "4.3"]
[White "Fabrykator, Myroslava"]
[Black "Kulak, Volodymyr"]
[Result "0-1"]
[Annotator "NA"]
[ECO "C77"]
[WhiteElo "1457"]
[BlackElo "1607"]
[PlyCount "134"]
[EventDate "2025.04.03"]
[EventCountry "UKR"]
[SourceTitle "playchess.com"]
[Source "ChessBase"]
[SourceQuality "1"]
[TimeControl "600+5"]

1. e4 e5 2. Nf3 Nc6 3. Bb5 a6 4. Ba4 Nf6 5. Nc3 b5 6. Bb3 Bc5 7. d3 d6 8. h3 h6 9. O-O O-O 10. a4 b4 11. Nd5 a5 12. Be3 Ba7 13. Re1 Be6 14. Nxf6+ Qxf6 15. Bxe6 Qxe6 16. d4 exd4 17. Nxd4 Nxd4 18. Bxd4 Bxd4 19. Qxd4 Qe5 20. Qxe5 dxe5 21. Rad1 Rfd8 22. Kf1 Kf8 23. Ke2 Ke7 24. Ke3 f6 25. f3 Ke6 26. b3 Rd6 27. Rd3 Raa6 28. Red1 Rac6 29. Rxd6+ cxd6 30. Rd2 Rc3+ 31. Ke2 Rc5 32. Ke3 g6 33. g3 f5 34. h4 fxe4 35. Kxe4 d5+ 36. Ke3 Rc3+ 37. Ke2 d4 38. g4 Kd5 39. g5 h5 40. Kf2 e4 41. fxe4+ Kxe4 42. Re2+ Kd5 43. Rd2 Rh3 44. Rd3 Rxh4 45. Rf3 Rg4 46. Rf8 Rxg5 47. Ra8 Ke4 48. Re8+ Kf4 49. Rd8 Ke4 50. Re8+ Re5 51. Rg8 g5 52. Rh8 g4 53. Kg3 d3 54. cxd3+ Kxd3 55. Rd8+ Kc3 56. Kh4 Kxb3 57. Rd2 Kxa4 58. Ra2+ Kb5 59. Rb2 a4 60. Rd2 a3 61. Ra2 Ka4 62. Rd2 b3 63. Rd4+ Kb5 64. Rd3 Kb4 65. Rd4+ Kc3 66. Rd8 a2 67. Rc8+ Kb2 0-1

[Event "Chestnut 2nd Category Final 2025"]
[Site "Kyiv"]
[Date "2025.04.06"]
[Round "4.4"]
[White "Diachuk, Ihor"]
[Black "Atamanchuk, Dmytro"]
[Result "0-1"]
[Annotator "NA"]
[ECO "C59"]
[WhiteElo "1550"]
[BlackElo "1493"]
[PlyCount "94"]
[EventDate "2025.04.03"]
[EventCountry "UKR"]
[SourceTitle "playchess.com"]
[Source "ChessBase"]
[SourceQuality "1"]
[TimeControl "600+5"]

1. e4 e5 2. Nf3 Nc6 3. Bc4 Nf6 4. Ng5 d5 5. exd5 Na5 6. Bb5+ c6 7. dxc6 bxc6 8. Be2 h6 9. Nh3 Bc5 10. Nc3 Qd4 11. d3 Qh4 12. Bf1 Bxh3 13. g3 Qg4 14. Bxh3 Qxh3 15. Qf3 Qd7 16. Be3 Bxe3 17. Qxe3 Qd6 18. O-O O-O 19. Ne4 Nxe4 20. dxe4 Nc4 21. Qc3 Nb6 22. Rad1 Qe6 23. a3 Rfd8 24. Qa5 Qe7 25. Qc3 Qc7 26. Rd3 Rxd3 27. cxd3 Rb8 28. Rc1 Na4 29. Qxc6 Qxc6 30. Rxc6 Nxb2 31. Ra6 Rb7 32. Ra5 Nxd3 33. Rd5 Rb3 34. Ra5 Rb7 35. Rd5 Nb2 36. Rxe5 Nc4 37. Rc5 Nxa3 38. Ra5 Nc4 39. Ra4 Nb6 40. Rb4 Re7 41. f3 f6 42. Rb5 Kf7 43. Ra5 Nc4 44. Ra4 Rc7 45. Kg2 Ne3+ 46. Kf2 Nd1+ 47. Ke2 Nc3+ 0-1

[Event "Chestnut 2nd Category Final 2025"]
[Site "Kyiv"]
[Date "2025.04.06"]
[Round "4.5"]
[White "Udod, Oleksandra"]
[Black "Lymar, Makar"]
[Result "0-1"]
[Annotator "NA"]
[ECO "D11"]
[WhiteElo "1646"]
[BlackElo "1565"]
[PlyCount "57"]
[EventDate "2025.04.03"]
[EventCountry "UKR"]
[SourceTitle "playchess.com"]
[Source "ChessBase"]
[SourceQuality "1"]
[TimeControl "600+5"]

1. d4 c6 2. c4 d5 3. Nf3 Nf6 4. g3 Bg4 5. Bg2 Nbd7 6. Nc3 e6 7. O-O Bd6 8. c5 Bc7 9. Re1 O-O 10. Qb3 b6 11. Qc2 bxc5 12. dxc5 Nxc5 13. Nd4 Qd6 14. b4 Ncd7 15. b5 c5 16. Nc6 a6 17. f4 axb5 18. Ne5 Qb6 19. Nxd7 Nxd7 20. e4 b4 21. Rb1 c4+ 22. Kh1 Qa5 23. exd5 Bf5 24. Be4 bxc3 25. Bxf5 exf5 26. Qxf5 c2 27. Bd2 cxb1=Q 28. Qxb1 Qxd5+ 29. Kg1 0-1

[Event "Chestnut 2nd Category Final 2025"]
[Site "Kyiv"]
[Date "2025.04.06"]
[Round "5.1"]
[White "Prykhodko, Artem"]
[Black "Kravchuk, Sviatoslav"]
[Result "1-0"]
[Annotator "NA"]
[ECO "C50"]
[WhiteElo "1678"]
[BlackElo "1441"]
[PlyCount "169"]
[EventDate "2025.04.03"]
[EventCountry "UKR"]
[SourceTitle "playchess.com"]
[Source "ChessBase"]
[SourceQuality "1"]
[TimeControl "600+5"]

1. e4 e5 2. Nf3 Nc6 3. Bc4 Bc5 4. Nc3 Nf6 5. O-O d6 6. h3 O-O 7. d3 h6 8. Be3 Bxe3 9. fxe3 b6 10. d4 exd4 11. exd4 Bb7 12. e5 dxe5 13. dxe5 Nh7 14. e6 fxe6 15. Bxe6+ Kh8 16. Nh2 Rxf1+ 17. Qxf1 Qd4+ 18. Kh1 Ng5 19. Nf3 Nxf3 20. Qxf3 Qd6 21. Bd5 Rf8 22. Qe4 Qf6 23. Bc4 Na5 24. Bd5 c6 25. Bb3 Nxb3 26. axb3 Qd6 27. Rd1 Qc7 28. Qb4 c5 29. Qh4 Qc6 30. Qg3 Re8 31. Nd5 Rd8 32. Nc3 Re8 33. Qg4 Bc8 34. Qa4 Qxa4 35. bxa4 Bf5 36. Rd2 Re1+ 37. Kh2 Re8 38. g4 Bg6 39. Nb5 a6 40. Nc7 Re1 41. Nxa6 Rc1 42. c3 Rc2 43. Rxc2 Bxc2 44. a5 bxa5 45. Nxc5 a4 46. Kg3 Kg8 47. h4 Kf7 48. Kf4 Kf6 49. g5+ Kg6 50. Ne4 Bxe4 51. Kxe4 hxg5 52. hxg5 Kxg5 53. Ke5 Kh4 54. c4 g5 55. c5 g4 56. c6 g3 57. c7 g2 58. c8=Q g1=Q 59. Qh8+ Kg3 60. Qg7+ Kf2 61. Qxg1+ Kxg1 62. Kd4 Kf2 63. Kc4 Ke2 64. Kb4 Kd3 65. Kxa4 Kc4 66. b4 Kd5 67. Ka5 Kc6 68. b5+ Kc7 69. Ka6 Kc8 70. Ka7 Kc7 71. b6+ Kc8 72. b7+ Kc7 73. b8=R Kc6 74. Rb7 Kd6 75. Kb6 Ke6 76. Kc5 Kf6 77. Kd5 Kg6 78. Ke5 Kg5 79. Rg7+ Kh6 80. Rg1 Kh5 81. Kf4 Kh6 82. Kf5 Kh7 83. Kf6 Kh8 84. Kf7 Kh7 85. Rh1# 1-0

[Event "Chestnut 2nd Category Final 2025"]
[Site "Kyiv"]
[Date "2025.04.06"]
[Round "5.2"]
[White "Lymar, Makar"]
[Black "Chornyi, Viktor"]
[Result "0-1"]
[Annotator "NA"]
[ECO "D53"]
[WhiteElo "1565"]
[BlackElo "1515"]
[PlyCount "136"]
[EventDate "2025.04.03"]
[EventCountry "UKR"]
[SourceTitle "playchess.com"]
[Source "ChessBase"]
[SourceQuality "1"]
[TimeControl "600+5"]

1. d4 d5 2. c4 e6 3. Nc3 Nf6 4. Bg5 Be7 5. Nf3 h6 6. Bh4 Nc6 7. a3 a5 8. e3 b6 9. Bd3 Bb7 10. O-O Na7 11. cxd5 Nxd5 12. Bxe7 Qxe7 13. Nxd5 Bxd5 14. e4 Bb7 15. Rc1 Rd8 16. Qa4+ Bc6 17. Rxc6 Nxc6 18. Qxc6+ Qd7 19. Qxd7+ Kxd7 20. Ne5+ Ke8 21. Bb5+ Kf8 22. Nd7+ Kg8 23. Rc1 Rc8 24. Nxb6 Rb8 25. Rxc7 Rxb6 26. Bd3 g6 27. h3 Rxb2 28. Rc8+ Kg7 29. Rc7 Rb3 30. Bc2 Rxa3 31. d5 exd5 32. exd5 Rd8 33. Be4 Ra1+ 34. Kh2 Re1 35. f3 a4 36. Ra7 Ra1 37. Ra6 a3 38. d6 Rd1 39. Rxa3 R8xd6 40. Kg3 R1d2 41. h4 Re2 42. Bb7 Rdd2 43. f4 Rb2 44. Bd5 Red2 45. Bf3 Rd4 46. Bc6 Rbb4 47. Rf3 Kf6 48. Kg4 h5+ 49. Kg3 Kf5 50. Rf1 Rxf4 51. Bd7+ Ke5 52. Re1+ Kf6 53. Kh3 Rxh4+ 54. Kg3 Rhd4 55. Bh3 Rb3+ 56. Kh2 Kg5 57. Re5+ f5 58. Re6 Re4 59. Rd6 Rb2 60. Rd3 h4 61. Rf3 Kf6 62. Rc3 g5 63. Rc5 g4 64. Rxf5+ Kxf5 65. Bxg4+ Kxg4 66. Kg1 Ree2 67. Kf1 Rxg2 68. Ke1 Rb1# 0-1

[Event "Chestnut 2nd Category Final 2025"]
[Site "Kyiv"]
[Date "2025.04.06"]
[Round "5.3"]
[White "Atamanchuk, Dmytro"]
[Black "Udod, Oleksandra"]
[Result "0-1"]
[Annotator "NA"]
[ECO "D10"]
[WhiteElo "1493"]
[BlackElo "1646"]
[PlyCount "92"]
[EventDate "2025.04.03"]
[EventCountry "UKR"]
[SourceTitle "playchess.com"]
[Source "ChessBase"]
[SourceQuality "1"]
[TimeControl "600+5"]

1. d4 d5 2. c4 c6 3. Nc3 dxc4 4. e3 b5 5. a4 b4 6. Nb1 Be6 7. Nd2 c3 8. bxc3 bxc3 9. Nc4 Nf6 10. Qc2 g6 11. Qxc3 Nd5 12. Qc2 Bg7 13. Nf3 c5 14. Bb2 Nb4 15. Qd2 Bf5 16. Rc1 O-O 17. Be2 N8c6 18. O-O Qd7 19. Rfd1 Rfd8 20. dxc5 Qe6 21. Nd4 Nxd4 22. Bxd4 Nc6 23. Qc3 Nxd4 24. exd4 Qxe2 25. Re1 Qa2 26. Ra1 Qc2 27. Qxc2 Bxc2 28. Rac1 Bxa4 29. Rxe7 Rxd4 30. Nd6 Rd1+ 31. Rxd1 Bxd1 32. c6 Bg4 33. c7 Be6 34. c8=Q+ Bxc8 35. Re8+ Bf8 36. Nxc8 Kg7 37. Nd6 Rxe8 38. Nxe8+ Kg8 39. Nc7 Bc5 40. Nb5 a6 41. Nc3 a5 42. Na4 Bb4 43. Kf1 Kf8 44. Ke2 Ke7 45. Kd3 Kd6 46. Kc4 Ke5 0-1

[Event "Chestnut 2nd Category Final 2025"]
[Site "Kyiv"]
[Date "2025.04.06"]
[Round "5.4"]
[White "Kulak, Volodymyr"]
[Black "Diachuk, Ihor"]
[Result "1-0"]
[Annotator "NA"]
[ECO "C53"]
[WhiteElo "1607"]
[BlackElo "1550"]
[PlyCount "71"]
[EventDate "2025.04.03"]
[EventCountry "UKR"]
[SourceTitle "playchess.com"]
[Source "ChessBase"]
[SourceQuality "1"]
[TimeControl "600+5"]

1. e4 e5 2. Nf3 Nc6 3. Bc4 Bc5 4. c3 d6 5. d4 exd4 6. cxd4 Bb4+ 7. Bd2 Bxd2+ 8. Nbxd2 h6 9. O-O Nge7 10. Bb5 a6 11. Ba4 O-O 12. d5 Ne5 13. Nxe5 dxe5 14. h3 Bd7 15. Bxd7 Qxd7 16. Nf3 Ng6 17. Rc1 Rac8 18. Qb3 b6 19. Rc6 a5 20. Rfc1 f6 21. d6+ Kh8 22. Rxc7 Rxc7 23. dxc7 Rc8 24. Qxb6 Nf8 25. Qxa5 Ne6 26. b4 Rxc7 27. Rxc7 Nxc7 28. a4 Qc8 29. Qc5 Qb7 30. b5 Qxe4 31. Qxc7 Qxa4 32. b6 e4 33. b7 exf3 34. b8=Q+ Kh7 35. Qbb7 fxg2 36. Qxg7# 1-0